[Event "*** Titled Tuesday 3|2 Blitz"]
[Site "Chess.com"]
[Date "2017.06.06"]
[Round "3"]
[White "igorkovalenko"]
[Black "Oneofmyturns"]
[Result "1/2-1/2"]
[WhiteElo "2630"]
[BlackElo "2508"]
[TimeControl "180+2"]
[EndTime "14:27:37 PDT"]
[Termination "Game drawn by repetition"]

1. d4 Nf6 2. Bf4 e6 3. e3 d5 4.
Bd3 Bd6 5. Bg3 c5 6. c3 Nc6 7. Nd2 O-O 8. Ngf3 b6 9. Qe2 Bb7 10. Rd1 Qc7 11. e4 dxe4 12. Nxe4 Nxe4 13. Qxe4 g6 14.
dxc5 bxc5 15. Qh4 Ne5 16. Be2 Bxf3 17. gxf3 Rad8 18. O-O c4 19. Rxd6 Qxd6 20. Qf6 Nd7 21. Bxd6 Nxf6 22. Bxf8 Kxf8 23. Bxc4 Rd2 24. Rb1 Nd7 25.
Kf1 Nb6 26. Bb3 a5 27. Ke1 Rd6 28. Rd1 Rc6 29. Rd4 Ke7 30. f4 Rc5 31. Kf1 Rb5 32.
Kg2 a4 33. Bxa4 Nxa4 34. Rxa4 Rxb2 35. Kf3 Rc2 36. Ra3 Kd6 37. Ke3 f5 38. h4 h5 39. f3 Kd5 40. Kd3 Rf2 41. Ra5+ Kd6 42. Ra6+ Kd5 43. c4+ Kc5 44. Ra5+ Kd6 45. Ke3 Rc2 46. Kd4 Rd2+ 47. Ke3 Rc2 48. Kd3 Rf2 49. Kd4 Rd2+ 50. Kc3 Rf2 51. Ra6+ Kc5 52. Ra5+ Kd6 53. Kb4 Rxf3 54. Ra6+ Ke7 55. Ra7+ Kd6 56. c5+ Kc6 57.
Ra6+ Kd7 58. Kb5 Rxf4 59. Ra7+ Kd8 60. a4 Rf1 61. a5 f4 62. Kc6 Ra1 63. a6 f3 64. Rf7 Rxa6+ 65. Kb7 Ra3 66. Kc6 Ra6+ 67. Kb7 Ra3 68. Kc6 Ra6+ 1/2-1/2

[Event "*** Titled Tuesday 3|2 Blitz"]
[Site "Chess.com"]
[Date "2017.06.06"]
[Round "3"]
[White "SmarterChess"]
[Black "IMRosen"]
[Result "0-1"]
[WhiteElo "2122"]
[BlackElo "2241"]
[TimeControl "180+2"]
[EndTime "14:27:38 PDT"]
[Termination "IMRosen won by resignation"]

1. e4 c5 2. Nf3 e6 3. b3 b6 4. Bb2 Bb7 5. d3 Nc6 6. g3 Qc7 7. Bg2 Nf6 8. Nbd2 d6 9. O-O Be7 10. c4 O-O 11. d4 cxd4 12. Nxd4 Rac8 13. Qe2 a6 14. Rfc1 Qb8 15. Rab1 Rfd8 16. Ba1 Qa8 17.
Nc2 Ne5 18. f4 Ned7 19. Nd4 b5 20. cxb5 axb5 21. Nxb5 Qxa2 22. Nc3 Qa7+ 23. Qf2 Qa8 24. h3 Nc5 25. Qe3 d5 26. exd5 Nxd5 27. Nxd5 Bxd5 28. Bxd5 Qxd5 29. Nf3 Ne4 30. Kh2 Ra8 31. Qd4 Ra2+ 32.
Kg1 Qxd4+ 33. Bxd4 Nxg3 34. Rb2 Rxb2 35. Bxb2 Ne2+ 36.
Kf2 Nxc1 37. Bxc1 Rb8 38. Nd2 Bb4 39. Nc4 Bc5+ 40. Kg2 Rxb3 41. Ne5 Bd6 42. Ng4 h5 43. Nf2 Rc3 44. Bb2 Rc2 45. Bd4 Bxf4 46. Kf3 Bd6 47. Ne4 Be7 48. Ng3 g6 49. Ne4 Rc4 50.
Be3 Ra4 51. Nf2 f5 52. Nd3 Ra3 53. Ne5 Bc5 54. Nc4 Rxe3+ 55. Nxe3 Bxe3 0-1

[Event "*** Titled Tuesday 3|2 Blitz"]
[Site "Chess.com"]
[Date "2017.06.06"]
[Round "3"]
[White "AdrianaNikolova"]
[Black "djano"]
[Result "1-0"]
[WhiteElo "2330"]
[BlackElo "2346"]
[TimeControl "180+2"]
[EndTime "14:27:45 PDT"]
[Termination "AdrianaNikolova won by resignation"]

1. e4 e6 2. d4 d5 3. Nd2 dxe4 4.
Nxe4 Nd7 5. Nf3 Ngf6 6. Bd3 c5 7.
c3 cxd4 8. Nxd4 Nxe4 9. Bxe4 Bd6 10. Qe2 O-O 11. O-O a6 12. a4 Qc7 13. Nf3 Nf6 14. Bc2 Bd7 15. Bg5 Bc6 16. Rad1 Rfd8 17. h3 Bf4 18. Bxf6 gxf6 19. Nd4 f5 20. Qh5 Be4 21.
Bxe4 fxe4 22. Qg4+ Kh8 23. g3 Rg8 24. Qh4 Bxg3 25. fxg3 Rxg3+ 26. Kh1 Rag8 27. Ne2 Qe7 28. Rf4 Qxh4 29. Rxh4 Rd3 30. Rf1 f5 31. Nd4 Rg6 32. Rg1 Rxg1+ 33. Kxg1 Rd1+ 34. Kf2 Rd2+ 35. Ke3 Rxb2 36.
Nxe6 Rc2 37. Kd4 Rd2+ 38. Ke5 e3 39. Kxf5 Rd5+ 40. Kf6 Rd2 41. Rc4 h5 42. Kg6 Rg2+ 43. Kh6 Kg8 44. Re4 Rg3 45. Ng5 Kf8 46. Kxh5 b5 47.
axb5 axb5 48. Kh4 Rg1 49. Rxe3 Kg7 50. Ne6+ Kf6 51. Nd4 Rb1 52. Re6+ Kf7 53. Rb6 1-0

[Event "*** Titled Tuesday 3|2 Blitz"]
[Site "Chess.com"]
[Date "2017.06.06"]
[Round "3"]
[White "Batica1984"]
[Black "Illingworth"]
[Result "0-1"]
[WhiteElo "2539"]
[BlackElo "2712"]
[TimeControl "180+2"]
[EndTime "14:27:47 PDT"]
[Termination "Illingworth won by resignation"]

1. e4 c6 2. d4 d5 3. e5 Bf5 4.
Nf3 e6 5. Be2 Nd7 6. O-O Bg6 7.
c3 Nh6 8. Na3 Rc8 9. Nc2 c5 10. Nce1 Nf5 11. h3 Be7 12. Nd3 O-O 13. Nf4 cxd4 14. cxd4 Qb6 15. g3 Nb8 16. h4 h6 17.
Nxg6 fxg6 18. Rb1 Nc6 19. Be3 Na5 20. b3 Nc6 21. Kg2 a5 22. Rh1 Ba3 23. g4 Nfe7 24. h5 g5 25. Rf1 Nb4 26. Ne1 Nxa2 27. Ra1 Nc3 28. Qd3 Bb2 29. Rd1 Nxd1 30. Qxd1 Nc6 31. Nc2 Nb4 32. Nxb4 Qxb4 33. Bd3 Rc3 34. Bb1 Qxb3 35.
Qe2 a4 36. Bd2 Rcf3 37. Be3 a3 38. Bc2 Qc4 39. Bd3 Qb3 40. Bc2 Qb4 41. Qd3 a2 42.
Qh7+ Kf7 43. Bg6+ Ke7 44. Qxg7+ Kd8 45. Qxh6 Rxe3 46. Qxg5+ Kd7 47. Qxe3 Bxd4 48. Qh6 a1=Q 49. Rxa1 Rxf2+ 50. Kg3 Qc3+ 51. Kh4 Rh2+ 52. Kg5 Qe3+ 53.
Kf6 Qxh6 0-1

[Event "*** Titled Tuesday 3|2 Blitz"]
[Site "Chess.com"]
[Date "2017.06.06"]
[Round "3"]
[White "fidetrainerNET"]
[Black "northridgehawk"]
[Result "0-1"]
[WhiteElo "2124"]
[BlackElo "2099"]
[TimeControl "180+2"]
[EndTime "14:27:48 PDT"]
[Termination "northridgehawk won by resignation"]

1. d4 Nf6 2. Nf3 g6 3. Bg5 Bg7 4. Nbd2 d5 5. Ne5 O-O 6. f4 Ne4 7. Nxe4 dxe4 8. Bh4 f6 9. Nc4 Nc6 10. e3 Be6 11. Be2 Bd5 12. O-O a6 13. a4 Qd7 14.
a5 Nd8 15. Nd2 c6 16. c4 Bf7 17. Nxe4 Qe6 18. Qd3 Qc8 19. Nc3 Ne6 20. f5 Nc7 21. e4 Rd8 22. d5 cxd5 23. cxd5 Ne8 24. g4 Nd6 25. Rfc1 Qd7 26. Na4 gxf5 27. gxf5 Qe8 28. Nb6 Rab8 29. Rc7 Kh8 30. Qe3 Qf8 31. Bg3 Ne8 32.
Rd7 Bh6 33. Bf4 Qg8+ 34. Kf2 Bxf4 35. Qxf4 Rxd7 36. Nxd7 Rc8 37. Rg1 Ng7 38. b4 Rc2 39. Nc5 Bh5 40. Re1 Ne8 41. Qg3 Qf8 42. Ne6 Qh6 43. Kf1 Bxe2+ 44. Rxe2 Rxe2 45. Kxe2 Nd6 46. Qf4 Qxf4 47. Nxf4 Nxe4 48. Kd3 Nd6 49. Kd4 Nxf5+ 50.
Kc5 Nd6 51. Ne6 f5 52. Kb6 Kg8 53. Kc7 Kf7 54. b5 axb5 55. Nd8+ Kf6 56. Nxb7 Ne8+ 57. Kd7 f4 58. a6 f3 59. a7 f2 60. a8=Q f1=Q 61.
Qxe8 Qf5+ 62. Kc6 Qc2+ 63. Kb6 Qc4 64. d6 exd6 65. Qf8+ Kg5 66. Qe7+ Kg4 67. Qg7+ Kf3 68. Nxd6 Qf4 69. Nxb5 Qxh2 70. Nd4+ Ke4 71. Kc5 Qe5+ 72.
Qxe5+ Kxe5 73. Nf3+ Kf4 74. Nh2 Kg3 75. Kd4 Kxh2 76.
Ke4 Kg3 77. Kf5 h5 78. Kg5 h4 79. Kh5 h3 80. Kh6 h2 81. Kh7 h1=Q+ 0-1

[Event "*** Titled Tuesday 3|2 Blitz"]
[Site "Chess.com"]
[Date "2017.06.06"]
[Round "3"]
[White "NTBT_DHS"]
[Black "wonderfultime"]
[Result "0-1"]
[WhiteElo "2442"]
[BlackElo "2648"]
[TimeControl "180+2"]
[EndTime "14:28:03 PDT"]
[Termination "wonderfultime won by resignation"]

1. d4 Nf6 2. c4 e6 3. Nf3 d5 4. g3 Bb4+ 5. Bd2 Be7 6. Bg2 c6 7. O-O O-O 8. Qc2 b6 9. Bf4 Nbd7 10. Nc3 Ba6 11. cxd5 cxd5 12. Qa4 Bb7 13. Rfc1 a6 14. Qb3 Rc8 15. a4 Rc4 16. Rc2 Qa8 17. Rac1 Rfc8 18. Qa2 h6 19. h4 Ne4 20. Qb3 Nef6 21. e3 Re8 22. Na2 Ne4 23. Bf1 Ndc5 24. dxc5 Nxc5 25.
Qa3 Rxa4 26. Qc3 Rxa2 27. b4 Rxc2 28. Rxc2 Ne4 29. Qd4 f6 30. Qxb6 Bd8 31. Bc7 Qc8 32. Nd4 e5 33. Bxd8 Qxd8 34. Qxd8 Rxd8 35. Nf5 Rd7 36.
Bh3 Kf8 37. Nxh6 Rd8 38. Nf5 Rc8 39. Rxc8+ Bxc8 40. Kg2 Nc3 41. h5 Na2 42. e4 Nxb4 43. exd5 Nxd5 44. Bg4 a5 45. Kf3 a4 46. Ke4 a3 47. h6 gxh6 48. Kxd5 a2 49. Ne3 a1=Q 50.
Bxc8 Qa8+ 51. Ke6 Qxc8+ 52. Kxf6 Qe8 53. Nf5 h5 54. f3 Qc6+ 55. Kxe5 Qxf3 56. Kf6 Qg4 57.
Ke6 Qg5 58. Ke5 Kf7 59. Ke4 Kf6 0-1

[Event "*** Titled Tuesday 3|2 Blitz"]
[Site "Chess.com"]
[Date "2017.06.06"]
[Round "3"]
[White "Quiet_Desperation"]
[Black "robbykevlishvili"]
[Result "1/2-1/2"]
[WhiteElo "1954"]
[BlackElo "2089"]
[TimeControl "180+2"]
[EndTime "14:28:03 PDT"]
[Termination "Game drawn - insufficient material"]

1. e4 c5 2. Nf3 d6 3. d4 cxd4 4. Nxd4 Nf6 5. Nc3 a6 6. Be3 e6 7.
f3 b5 8. Qd2 Bb7 9. O-O-O Nbd7 10. g4 Rc8 11. Bd3 Nb6 12. Kb1 Nfd7 13. g5 Ne5 14. b3 Be7 15. h4 O-O 16. h5 Qd7 17. g6 fxg6 18. hxg6 Nxg6 19. Rdg1 b4 20. Qh2 Nh4 21.
Nce2 Rf7 22. Bg5 Bxg5 23. Rxg5 e5 24. Qxh4 exd4 25. Qxh7+ Kf8 26. Rhg1 Ke7 27. Rxg7 Rf8 28. Nxd4 Kd8 29. Nf5 Nc8 30. Rxf7 Rxf7 31. Rg7 Rxg7 32. Qxg7 Qxg7 33. Nxg7 Ne7 34. Kb2 Ng6 35. c3 a5 36. cxb4 axb4 37. Nf5 d5 38. Nd6 Ba8 39. exd5 Nf4 40. Be4 Bxd5 41. Bxd5 Nxd5 42. Ne4 Kc7 43. a3 bxa3+ 44. Kxa3 Kc6 45. Ka4 Kb6 46. b4 Ka6 47. Nc5+ Kb6 48. Nd7+ Kc6 49. Ne5+ Kb6 50. Nd3 Kc6 51. f4 Kb6 52. f5 Ka6 53. Ne5 Kb6 54.
Ng4 Nc3+ 55. Kb3 Nb5 56. f6 Kc7 57. Kc4 Nd6+ 58. Kd5 Nf7 59. Ke6 Ng5+ 60. Ke7 Kb6 61. Ne3 Kb5 62. Nd5 Kc4 63. Kd6 Nf7+ 64. Ke6 Ng5+ 65. Kf5 Nf7 66. Ke6 Ng5+ 67. Kd6 Ne4+ 68.
Ke5 Nxf6 69. Kxf6 Kxd5 70. b5 Kc5 71. b6 Kxb6 1/2-1/2

[Event "*** Titled Tuesday 3|2 Blitz"]
[Site "Chess.com"]
[Date "2017.06.06"]
[Round "3"]
[White "GGuseinov"]
[Black "ChessQueen"]
[Result "1-0"]
[WhiteElo "2717"]
[BlackElo "2522"]
[TimeControl "180+2"]
[EndTime "14:28:03 PDT"]
[Termination "GGuseinov won by checkmate"]

1. e4 c5 2. Nc3 Nc6 3. Nf3 d6 4.
d4 cxd4 5. Nxd4 Nf6 6. Bg5 e6 7. Qd2 a6 8. O-O-O h6 9. Bf4 d5 10. Nxc6 bxc6 11. Qe3 Be7 12. Be2 O-O 13. e5 Nh7 14. h4 Rb8 15. Rh3 Qb6 16. Qxb6 Rxb6 17. a3 c5 18. Na4 Rc6 19. Rc3 c4 20. g3 Bb7 21. Kb1 Rb8 22. Ka2 Nf8 23. Be3 Bc8 24. b4 cxb3+ 25. cxb3 Rxc3 26. Nxc3 Nd7 27. f4 f6 28. exf6 Bxf6 29. Na4 Kf7 30. b4 Bb7 31. Nc5 Nxc5 32. Bxc5 e5 33. fxe5 Bxe5 34. g4 g5 35. h5 Rd8 36. Kb3 d4 37. Bc4+ Kg7 38. Rf1 Bf6 39. Be7 Bxe7 40. Rf7+ Kh8 41. Rxe7 Bf3 42.
Bd3 Bxg4 43. Rh7+ Kg8 44. Rxh6 Bd1+ 45. Kc4 g4 46. Rg6+ Kh8 47. h6 Bf3 48. Rg5 Rc8+ 49. Kxd4 Rd8+ 50. Ke3 Re8+ 51. Kf4 Rf8+ 52. Bf5 Rd8 53. h7 Rd4+ 54. Ke5 Rd8 55. a4 Rb8 56. a5 Rxb4 57. Rg8# 1-0

[Event "*** Titled Tuesday 3|2 Blitz"]
[Site "Chess.com"]
[Date "2017.06.06"]
[Round "3"]
[White "SabinaFoisor"]
[Black "Vice64"]
[Result "1/2-1/2"]
[WhiteElo "2257"]
[BlackElo "2319"]
[TimeControl "180+2"]
[EndTime "14:28:03 PDT"]
[Termination "Game drawn by repetition"]

1. d4 Nf6 2. Bf4 g6 3. Nf3 Bg7 4. Nbd2 O-O 5. e4 d6 6. h3 Nbd7 7. Bc4 c5 8. c3 cxd4 9. cxd4 d5 10. exd5 Nb6 11. d6 exd6 12. Bb3 Re8+ 13. Be3 Nbd5 14.
O-O Nxe3 15. fxe3 Rxe3 16. Ng5 d5 17. Rc1 Re7 18. Ngf3 Qb6 19. Kh1 Bf5 20. Re1 Rxe1+ 21. Qxe1 Re8 22. Qf2 h6 23. Nh4 Ne4 24. Nxe4 Bxe4 25.
Rd1 Qf6 26. Nf3 g5 27. Qg3 b6 28. Ne5 Qf5 29. Ng4 Qe6 30. Nf2 f5 31. Nxe4 fxe4 32. Qc7 e3 33. Qxa7 e2 34. Re1 Bxd4 35. Qb7 Rd8 36.
Qc7 Rd7 37. Qc8+ Kg7 38. Rxe2 Qxe2 39. Qxd7+ Kg6 40. Qc6+ Kh5 41. Qc1 Kh4 42. Bxd5 Be3 43. Qb1 Bf4 44. Bf3 Qf2 45. b4 Qg3 46. Qg1 h5 47. a4 g4 48. hxg4 hxg4 49. Be4 Bd6 50. a5 bxa5 51. bxa5 Bb8 52. a6 Qc7 53. Qf2+ Kg5 54.
Qf5+ Kh4 55. Qf2+ Kg5 56. Qf5+ Kh4 57. Qf2+ Kg5 1/2-1/2

[Event "*** Titled Tuesday 3|2 Blitz"]
[Site "Chess.com"]
[Date "2017.06.06"]
[Round "3"]
[White "Storne89"]
[Black "GeorgMeier"]
[Result "0-1"]
[WhiteElo "2517"]
[BlackElo "2792"]
[TimeControl "180+2"]
[EndTime "14:28:08 PDT"]
[Termination "GeorgMeier won by resignation"]

1. d4 e6 2. Bf4 Nf6 3. e3 Be7 4. c3 b6 5. h3 c5 6. Nd2 O-O 7. Ngf3 d6 8. Bh2 Qd7 9. Be2 Ba6 10. O-O Rc8 11. a4 cxd4 12. exd4 Bxe2 13. Qxe2 a6 14. Nc4 Nd5 15. Nfd2 Qc6 16. Ne3 Nd7 17.
Nxd5 Qxd5 18. Qe4 Qxe4 19. Nxe4 d5 20. Nd2 b5 21. axb5 axb5 22. Rxa8 Rxa8 23. Rb1 Ra2 24. Kf1 Nb6 25. Bf4 Na4 26. Ke2 g5 27. Be3 f5 28. f4 g4 29. hxg4 fxg4 30. f5 exf5 31. Rf1 Rxb2 32. Kd3 Kg7 33. Rxf5 Nb6 34. Bf4 Kg6 35.
Re5 Bf6 36. Re6 Nc4 37. Nxc4 bxc4+ 38. Ke3 Kf5 39. Rd6 Rb5 40. g3 h5 41. Rd7 Ra5 42. Rd6 h4 43. gxh4 Bxh4 44. Rh6 Bf2+ 45. Kxf2 Kxf4 46.
Rf6+ Ke4 47. Rg6 Ra2+ 48. Kg3 Kd3 49. Kf4 Re2 50. Rd6 Re4+ 51. Kg3 Kxc3 52. Rxd5 Rxd4 53.
Rb5 Kd2 54. Rh5 c3 55. Rh2+ Kd3 56. Kf2 c2 57. Rh1 Kd2 0-1

[Event "*** Titled Tuesday 3|2 Blitz"]
[Site "Chess.com"]
[Date "2017.06.06"]
[Round "3"]
[White "nurmiTV"]
[Black "saraswathii"]
[Result "1-0"]
[WhiteElo "2458"]
[BlackElo "2247"]
[TimeControl "180+2"]
[EndTime "14:28:09 PDT"]
[Termination "nurmiTV won by resignation"]

1. c4 Nc6 2. Nc3 e5 3. g3 Nf6 4. Bg2 g6 5. Nf3 Bg7 6. O-O O-O 7. Rb1 d6 8. b4 a6 9. a4 e4 10. Ng5 Bf5 11. Ngxe4 Re8 12. d3 Nxe4 13. Nxe4 Qe7 14. Bg5 Qe6 15. b5 axb5 16. axb5 Ne5 17. Bf4 h6 18.
Nd2 Ra2 19. Bxb7 g5 20. Bd5 Qg6 21. Bxe5 Bxe5 22. Ne4 Bh3 23. Re1 Qf5 24. Qb3 Ra7 25.
e3 Kg7 26. Nd2 Bf6 27. Bg2 g4 28. Bc6 Rb8 29. Qc2 Ra3 30. Rb3 Rxb3 31. Qxb3 h5 32. Ne4 Be5 33. d4 Bf6 34. Qd1 h4 35. Nd2 hxg3 36. fxg3 Rh8 37. Be4 Qh5 38. Qe2 Bg5 39.
Qf2 f6 40. Bd5 Qh6 41. Ne4 Re8 42. Nxg5 Qxg5 43. Bg2 Bxg2 44. Kxg2 Qg6 45. Kg1 Qe4 46. Qg2 Qg6 47. e4 Qg5 48. Qf2 Qg6 49. Qf4 Ra8 50.
c5 Ra2 51. cxd6 Qh5 52. h4 gxh3 53. dxc7 h2+ 54. Kh1 Rc2 55. e5 Qe8 56. exf6+ 1-0

[Event "*** Titled Tuesday 3|2 Blitz"]
[Site "Chess.com"]
[Date "2017.06.06"]
[Round "3"]
[White "DryCounty"]
[Black "swayamsm"]
[Result "1-0"]
[WhiteElo "2472"]
[BlackElo "2430"]
[TimeControl "180+2"]
[EndTime "14:28:11 PDT"]
[Termination "DryCounty won by resignation"]

1. Nf3 Nf6 2. c4 c5 3. Nc3 g6 4. e4 d6 5. d4 cxd4 6. Nxd4 Bg7 7. Be2 O-O 8. O-O Nc6 9. Be3 Bd7 10. Qd2 Rc8 11.
f3 Qa5 12. Nb3 Qc7 13. Rac1 Qb8 14. Nd5 Rfe8 15. c5 Be6 16. cxd6 Qxd6 17. Bf4 Qd8 18.
Rfd1 Nh5 19. Be3 Kh8 20. Nc5 b6 21. Nxe6 fxe6 22. Bb5 exd5 23. Bxc6 Rf8 24. Bxd5 Rxc1 25. Qxc1 Qd6 26. Qd2 Rd8 27. Bb3 Qxd2 28. Rxd2 Rxd2 29. Bxd2 Bxb2 30. f4 Bd4+ 31. Kf1 Nf6 32. e5 Ne4 33. Bb4 Bc5 34. Be1 Be3 35. g3 Nc5 36. Bc4 Kg7 37. Bc3 Kf8 38. Ke2 Bg1 39. Kf3 a5 40. h3 Na4 41.
Bd2 Bd4 42. Ke4 Bc3 43. Be3 Be1 44. g4 b5 45. Bb3 Nc3+ 46. Kd3 a4 47. Be6 b4 48. Bc5 b3 49. axb3 axb3 50. Bxb3 Nb5 51. f5 gxf5 52. gxf5 Bg3 53. f6 Nc7 54. Bxe7+ Ke8 55.
Bd6 Kd7 56. f7 1-0

[Event "*** Titled Tuesday 3|2 Blitz"]
[Site "Chess.com"]
[Date "2017.06.06"]
[Round "3"]
[White "Rodalquilar"]
[Black "chessking2151"]
[Result "1-0"]
[WhiteElo "2536"]
[BlackElo "2334"]
[TimeControl "180+2"]
[EndTime "14:28:14 PDT"]
[Termination "Rodalquilar won by resignation"]

1. d4 Nf6 2. Bf4 e6 3. e3 b6 4. Nd2 Bb7 5. Ngf3 c5 6. c3 d6 7. Bd3 Nbd7 8. O-O Be7 9. h3 O-O 10. Bh2 h6 11. a4 a6 12. Qe2 Re8 13. e4 Bf8 14. e5 dxe5 15. dxe5 Nd5 16. Ne4 Qc7 17.
Nd6 Bxd6 18. exd6 Qc6 19. Rfd1 Red8 20. Be4 N7f6 21. Ne5 Qc8 22. Qf3 Nxe4 23. Qxf7+ Kh7 24. d7 Qc7 25. Qg6+ Kg8 26. Qxe6+ Kh7 27. Qg6+ Kg8 28.
Qf7+ Kh7 29. Qf5+ Kg8 30. Qxe4 Nf6 31. Qc4+ Kh7 32. Qd3+ Be4 33. Qc4 Qb7 34. f3 Bf5 35.
Rd6 Bxd7 36. Qd3+ Kg8 37. Rd1 Qc7 38. Nxd7 Rxd7 39. Rxd7 Qxd7 40. Qxd7 Nxd7 41. Rxd7 b5 42. axb5 axb5 43. Be5 Ra1+ 44. Kh2 Ra2 45. b4 c4 46.
Rxg7+ Kf8 47. Rb7 Re2 48. Bd4 Rd2 49. Rxb5 h5 50. Rxh5 Kf7 51. Rc5 Ke6 52. Rxc4 Kd5 53. Rc5+ Kd6 54. b5 Rb2 55. c4 Rd2 56. Rd5+ Ke6 57.
b6 Rb2 58. Bxb2 Ke7 59. b7 Ke6 60. b8=Q Kf7 61. Qb7+ 1-0

[Event "*** Titled Tuesday 3|2 Blitz"]
[Site "Chess.com"]
[Date "2017.06.06"]
[Round "3"]
[White "sergiochess83"]
[Black "PaulfromSPb"]
[Result "1/2-1/2"]
[WhiteElo "2633"]
[BlackElo "2578"]
[TimeControl "180+2"]
[EndTime "14:28:34 PDT"]
[Termination "Game drawn by agreement"]

1. e4 c5 2. Nf3 a6 3. c4 e6 4. Nc3 Nc6 5. d4 cxd4 6. Nxd4 Bb4 7. Be2 Nf6 8. O-O Qc7 9. Qd3 O-O 10. Bg5 Be7 11. Rac1 d6 12. Rfd1 Nxd4 13. Qxd4 b6 14. Bxf6 gxf6 15. Rd3 Kh8 16. Rh3 Rg8 17. Qd2 Bb7 18.
Bd3 Rg7 19. Rg3 Rag8 20. Ne2 Qc5 21. b4 Qe5 22. Qe3 Bd8 23. Nd4 f5 24. Nf3 f4 25.
Qd2 Qf6 26. Rxg7 Qxg7 27. g3 Qg4 28. Kg2 fxg3 29. hxg3 Bf6 30. Qe3 Bg5 31. Nxg5 Qxg5 32.
Qxg5 Rxg5 33. f4 Rg8 34. Kf2 Kg7 35. Rh1 h6 36. a3 Rc8 37. Ke3 e5 38. Rh5 f6 39. Rh2 Rc7 40. Rd2 Bc6 41. Be2 Rd7 42.
Bg4 Rd8 43. Bf5 Kf7 44. Rh2 Kg7 45. Rh1 Be8 46. Rd1 Kf7 47. c5 bxc5 48. bxc5 Ke7 49. cxd6+ Rxd6 50. Rh1 Rb6 51. Rxh6 Rb3+ 52. Kf2 Rxa3 53.
fxe5 fxe5 54. Re6+ Kf8 55. Rxe5 Bf7 56. Be6 Bg6 57.
Bd5 a5 58. Re6 Kg7 59. Ra6 a4 60. g4 Be8 61. g5 Rc3 62. Ke1 Rg3 63. Kd2 Rxg5 64.
Kc3 1/2-1/2

[Event "*** Titled Tuesday 3|2 Blitz"]
[Site "Chess.com"]
[Date "2017.06.06"]
[Round "3"]
[White "Journey_to_GrandMaster_YT"]
[Black "TomsKantans"]
[Result "1-0"]
[WhiteElo "2333"]
[BlackElo "2474"]
[TimeControl "180+2"]
[EndTime "14:28:47 PDT"]
[Termination "Journey_to_GrandMaster_YT won on time"]

1. d4 Nf6 2. Nf3 g6 3. g3 Bg7 4.
Bg2 O-O 5. O-O c5 6. c3 d6 7.
dxc5 dxc5 8. Qxd8 Rxd8 9. Be3 Na6 10. Na3 Nd5 11. Rad1 Bg4 12. Bc1 h6 13. Rd3 Bf5 14. Rd2 Nf6 15. Nh4 Be4 16. Rfd1 Rxd2 17. Rxd2 g5 18. Nf5 Bxg2 19. Kxg2 Bf8 20. Nb5 e6 21.
Nfd6 Rd8 22. Nxb7 Rb8 23. N7d6 Nd5 24. c4 Nb6 25. b3 Nb4 26. Nxa7 Ra8 27. Ndb5 Be7 28. a3 Na6 29. Bb2 Kf8 30. Nc6 Rc8 31. Nxe7 Kxe7 32. Rd6 Rb8 33. Rc6 Rb7 34. Bg7 Nb8 35.
Rxc5 h5 36. Bd4 f6 37. Rc7+ Rxc7 38. Nxc7 N6d7 39. Nb5 e5 40. Be3 g4 41. h3 Nc6 42. hxg4 hxg4 43. f3 gxf3+ 44. exf3 f5 45. g4 Kf6 46. g5+ Kg6 47. f4 Na5 48. fxe5 Nxb3 49. e6 Ne5 50. c5 Na5 51. Nd6 1-0

[Event "*** Titled Tuesday 3|2 Blitz"]
[Site "Chess.com"]
[Date "2017.06.06"]
[Round "3"]
[White "ANLex1963"]
[Black "ViIIagra"]
[Result "0-1"]
[WhiteElo "2207"]
[BlackElo "2592"]
[TimeControl "180+2"]
[EndTime "14:28:59 PDT"]
[Termination "ViIIagra won by resignation"]

1. Nf3 d5 2. d4 e6 3. c4 Be7 4.
Nc3 Nf6 5. Bf4 O-O 6. e3 b6 7.
Qc2 Bb7 8. Rd1 Nbd7 9. a3 a6 10.
Be2 c5 11. dxc5 Nxc5 12. O-O Rc8 13. b4 Nce4 14. Nxe4 Nxe4 15. Qb3 Bf6 16. Be5 Qe7 17.
Bxf6 Qxf6 18. Nd4 e5 19. Nf3 dxc4 20. Bxc4 b5 21. Bd5 Bxd5 22. Rxd5 Nc3 23. Rxe5 Rfd8 24. h3 Na4 25. Rd1 h6 26. Red5 Rxd5 27. Rxd5 Rc3 28.
Qd1 Rxa3 29. Rd8+ Kh7 30. Qc2+ g6 31. Rd4 Rc3 32. Qd2 Rc4 33. Rd7 Nc3 34. Kh2 Kg7 35. Qd3 Ne4 36. Qd5 Nc3 37. Qb7 Rxb4 38. Qb8 Re4 39.
Rd6 Re8 40. Qc7 Re7 41. Qc5 Ne4 42. Rxf6 Nxc5 43. Rc6 Nd3 44. Kg3 a5 45. Ra6 a4 46.
Nd4 Rb7 47. Nc6 Nc5 48. Ra5 b4 49. Rxc5 b3 50. Nd8 b2 51. Nxb7 b1=Q 52. Nd6 Qb8 53. Rd5 a3 54. f4 a2 55. Nc4 a1=Q 56. Ne5 Qe1+ 57. Kh2 Qxe3 0-1

[Event "*** Titled Tuesday 3|2 Blitz"]
[Site "Chess.com"]
[Date "2017.06.06"]
[Round "3"]
[White "temiksmozg"]
[Black "Keranke"]
[Result "0-1"]
[WhiteElo "2443"]
[BlackElo "2671"]
[TimeControl "180+2"]
[EndTime "14:29:01 PDT"]
[Termination "Keranke won on time"]

1. d4 g6 2. c4 Bg7 3. e4 d6 4. Nc3 Nc6 5. Be3 e5 6. Nge2 Nh6 7. f3 f5 8. d5 Ne7 9. h3 O-O 10. Qd2 Nf7 11. g4 Kh8 12. O-O-O c6 13. Kb1 cxd5 14. cxd5 Bd7 15. Nc1 a6 16. a3 b5 17. Nb3 Qb8 18.
Na2 Rc8 19. Bd3 Qc7 20. Qa5 Qxa5 21. Nxa5 Bh6 22. Bxh6 Nxh6 23. Rc1 Nf7 24. gxf5 gxf5 25. h4 Ng6 26. exf5 Rxc1+ 27. Nxc1 Nf4 28. Be4 Nh6 29.
Na2 Nxf5 30. Nb4 h5 31. Ka2 Kg7 32. Nb7 Ra7 33. Na5 Kf6 34. Nbc6 Ra8 35. Nb7 Rg8 36. Bxf5 Bxf5 37. Nxd6 Bh3 38. Ne4+ Kg7 39. Nxe5 Rd8 40. Rg1+ Kf8 41. d6 Be6+ 42. b3 a5 43. Kb2 Bd5 44. Ng6+ Nxg6 45. Rxg6 Kf7 46. Rh6 a4 47. b4 Rg8 48.
Ng5+ Ke8 49. Rxh5 Kd7 50. Nh7 Rg2+ 51. Kc3 Kxd6 52. Rh6+ Kc7 53. Nf6 Bxf3 54. Rh7+ Kd6 55. Rh8 Ra2 56. h5 Rxa3+ 57. Kd4 Rb3 58. h6 a3 59. h7 a2 60. Rd8+ Ke6 61. h8=Q a1=Q+ 62. Kc5 Qe5+ 63. Kb6 Qe3+ 64. Kxb5 Be2+ 65. Kc6 Qc3+ 0-1

[Event "*** Titled Tuesday 3|2 Blitz"]
[Site "Chess.com"]
[Date "2017.06.06"]
[Round "3"]
[White "DanielNaroditsky"]
[Black "Pierrebl"]
[Result "1/2-1/2"]
[WhiteElo "2751"]
[BlackElo "2546"]
[TimeControl "180+2"]
[EndTime "14:29:07 PDT"]
[Termination "Game drawn by agreement"]

1. e4 c5 2. Nf3 Nc6 3. Bb5 g6 4. O-O Bg7 5. c3 Nf6 6. e5 Nd5 7. d4 cxd4 8. cxd4 O-O 9. Nc3 Nxc3 10. bxc3 d5 11. exd6 Qxd6 12. a4 Bg4 13.
h3 Bxf3 14. Qxf3 Rfd8 15. Ba3 Qd5 16. Qxd5 Rxd5 17. Bxc6 bxc6 18. Bxe7 Bf8 19. Bxf8 Kxf8 20. Rab1 c5 21. Rb5 Rad8 22. dxc5 Rc8 23. Rb7 Rcxc5 24. Rxa7 Rxc3 25. Re1 Rf5 26. f3 h5 27. Re4 Rc2 28. h4 Ra2 29. Rd4 Kg7 30. Re4 Kf8 31. Rb7 Kg7 32. Rd7 Kf8 33. Rc7 Kg7 34. Rb7 Kf8 35. Rb5 Rf6 36. a5 Rd6 37. Rf4 Rdd2 38. Rg5 Kg7 39. Rc4 Rd1+ 40. Kh2 Rda1 41. Rcc5 Ra4 42. Kg3 Rd4 43. Rgd5 Rda4 44. Rg5 R1a2 45. Rb5 R2a3 46. Rgc5 Ra2 47. Rd5 R2a3 48. Kh3 Ra2 49. Re5 R2a3 50. Rg5 Ra2 51. Kg3 R2a3 52. Rbc5 Ra2 53.
Rgd5 R4a3 54. Rb5 Ra4 55. Rdc5 R4a3 56. Rb7 Rxa5 57. Rcc7 Rf5 58. Rd7 Ra4 59. Rbc7 Rb4 60. Ra7 Rc4 61. Rab7 Ra4 62. Rdc7 Rd4 63. Re7 Ra4 64.
Re4 Rxe4 65. fxe4 Re5 66. Kf4 Re6 67. e5 Ra6 68. g3 Ra4+ 69. Kf3 Ra3+ 70. Kf4 Ra4+ 71.
Ke3 Ra3+ 72. Kf2 Ra2+ 73. Kf3 Ra3+ 1/2-1/2

[Event "*** Titled Tuesday 3|2 Blitz"]
[Site "Chess.com"]
[Date "2017.06.06"]
[Round "3"]
[White "GianmarcoVaR"]
[Black "FastChance"]
[Result "1/2-1/2"]
[WhiteElo "2440"]
[BlackElo "2484"]
[TimeControl "180+2"]
[EndTime "14:29:07 PDT"]
[Termination "Game drawn - insufficient material"]

1. d4 e6 2. Nf3 Nf6 3. e3 b6 4. Bd3 Bb7 5. O-O c5 6. c4 cxd4 7. exd4 d6 8. Nc3 Be7 9. Re1 Nbd7 10. d5 e5 11. Be3 O-O 12. Nd2 a6 13. b4 Ne8 14. f3 Bg5 15. Bf2 f5 16. Nb3 Nef6 17. a4 g6 18. a5 Qc7 19. axb6 Nxb6 20. Na5 Rfc8 21. Qb3 Rab8 22. c5 dxc5 23. d6+ Qf7 24. Qxf7+ Kxf7 25. bxc5 e4 26. fxe4 fxe4 27. Bf1 e3 28.
Bxe3 Bxe3+ 29. Rxe3 Nbd5 30. Nxd5 Bxd5 31. Rc1 Ne4 32.
d7 Rxc5 33. Rxc5 Nxc5 34. Re5 Be6 35. Rxc5 Bxd7 36. Rc7 Ke6 37. Ra7 Rb1 38. Rxa6+ Ke5 39. Nc4+ Kf4 40. Rf6+ Kg5 41. Rf2 Rc1 42. Nd2 h5 43. g3 Bh3 44. Rf7 Rd1 45. Ne4+ Kh6 46. Rf8 Kg7 47. Rf2 Kh6 48. Nd2 Kg7 49. Nf3 Kh6 50. Nh4 g5 51. Ng2 Kg6 52. Re2 Rc1 53. Kf2 Bg4 54. Rd2 Bh3 55. Ne3 Bxf1 56. Nxf1 h4 57.
g4 Kf6 58. Rd5 Rc2+ 59. Kf3 Rc1 60. Nd2 Rc3+ 61. Kg2 Rc2 62. Kf3 Rc3+ 63. Ke2 Kg6 64. Rxg5+ Kxg5 65. Ne4+ Kxg4 66. Nxc3 Kh3 67. Kf2 Kxh2 68. Nd5 Kh3 69. Ne3 Kh2 70. Ng4+ Kh3 71. Nf6 Kh2 72. Ne4 Kh3 73. Kf3 Kh2 74. Nf2 Kg1 75. Kg4 Kxf2 76. Kh3 Kf3 77. Kxh4 1/2-1/2